 Dungeon Crawl Stone Soup version 0.20.0-15-g7f486f2 (webtiles) character file.

305 vishdafish the Shield-Bearer (level 6, -6/38 HPs)
             Began as a Gargoyle Fighter on June 19, 2017.
             Killed by divine providence
             ... invoked by an orc priest
              (13 damage)
             ... on level 3 of the Dungeon.
             The game lasted 00:03:17 (1921 turns).

vishdafish the Shield-Bearer (Gargoyle Fighter)     Turns: 1921, Time: 00:03:17

Health: -6/38      AC: 12    Str: 20    XL:     6   Next: 39%
Magic:  6/6        EV:  8    Int:  9    God:
Gold:   113        SH:  9    Dex: 10    Spells: 5/5 levels left

rFire    . . .     SeeInvis .   a - +0 flail
rCold    . . .     Gourm    .   c - +0 shield
rNeg     + . .     Faith    .   b - +0 scale mail
rPois    ∞         Spirit   .   s - +0 helmet
rElec    +         Reflect  .   (no cloak)
rCorr    .         Harm     .   (no gloves)
MR       .....                  (no boots)
Stlth    ..........             (no amulet)
Regen    0.2/turn               (no ring)
MPRegen  0.1/turn               (no ring)

@: slowed, very slow
A: negative energy resistance 1, electricity resistance, unbreathing,
petrification resistance, rot immunity, AC +4
a: no special abilities


You were on level 3 of the Dungeon.
You were not hungry.

You visited 1 branch of the dungeon, and saw 3 of its levels.

You collected 113 gold pieces.

Inventory:

Hand Weapons
 a - a +0 flail (weapon)
Armour
 b - a +0 scale mail (worn)
 c - a +0 shield (worn)
 s - a +0 helmet (worn)
Jewellery
 t - an uncursed ring of magical power {unknown}
Scrolls
 e - 3 scrolls of teleportation {unknown}
 h - a scroll of enchant armour {unknown}
 j - a scroll of remove curse {unknown}
 k - a scroll of magic mapping {unknown}
 l - a scroll of recharging {unknown}
 o - a scroll of amnesia {unknown}
 p - 2 scrolls of fear {unknown}
 q - a scroll of blinking {unknown}
Potions
 d - a potion of might
 m - a potion of lignification {unknown}
 r - a potion of resistance {unknown}
Books
 n - a book of Minor Magic

   Spells                             Type                      Level
   a - Magic Dart                     Conjuration                  1
   b - Blink                          Translocation                2
   c - Call Imp                       Summoning                    2
   d - Slow                           Hexes                        2
   e - Conjure Flame                  Conjuration/Fire             3
   f - Mephitic Cloud                 Conjuration/Poison/Air       3
Comestibles
 f - a meat ration
 g - a royal jelly
 i - a fruit


   Skills:
 + Level 4.1 Fighting
 + Level 4.5 Maces & Flails
 + Level 3.9 Armour
 + Level 0.8 Dodging
 + Level 4.9 Shields


You had 5 spell levels left.
You didn't know any spells.

Dungeon Overview and Level Annotations

Branches:
Dungeon (3/15)

Altars:
Sif Muna


Innate Abilities, Weirdness & Mutations

You are resistant to torment.
Your stone body is resilient. (AC +4)
You are immune to poison.
You resist negative energy. (rN+)
You are resistant to electric shocks. (rElec)
You can survive without breathing.
You are immune to petrification.
You are immune to rotting.


Message History

You block the giant cockroach's attack.
You hit the giant cockroach.
You kill the giant cockroach!
The orc priest invokes the aid of Beogh against you.
Beogh smites you!
The orc wizard gestures at you while chanting.
The magic dart hits you!
Your shield and scale mail prevent you from hitting the orc wizard.
The orc wizard points at you and mumbles some strange words.
The magic dart hits you!
* * * LOW HITPOINT WARNING * * *
The orc priest hits you but does no damage.
The orc wizard points at you and mumbles some strange words.
You feel yourself slow down.
The orc priest hits you but does no damage.
You barely miss the orc wizard.
The orc wizard hits you but does no damage. x2
The orc priest invokes the aid of Beogh against you.
Beogh smites you!
You die...

#########
###########........
#........@o........
#.#########o.......
#.# #........ #†#
#...(....
########.#
#........
......†..#
#.$......
###...####
#........ #...#
#........ #...#


You could see an orc priest and an orc wizard.

Vanquished Creatures
  Sigmund (D:2)
  Robin (D:2)
  5 adders (D:2)
  3 worms
  2 dart slugs
  2 leopard geckos (D:1)
  2 orcs (D:3)
  6 giant cockroaches
  8 goblins
  14 hobgoblins
  5 kobolds (D:1)
  A quokka (D:2)
  5 ball pythons (D:1)
  10 bats
  4 frilled lizards
  8 rats
77 creatures vanquished.

Notes
Turn   | Place    | Note
-------+----------+-------------------------------------------
     0 | D:1      | vishdafish the Gargoyle Fighter began the quest for the Orb.
     0 | D:1      | Reached XP level 1. HP: 14/14 MP: 1/1
   290 | D:1      | Reached XP level 2. HP: 14/19 MP: 2/2
   506 | D:1      | Reached XP level 3. HP: 18/23 MP: 3/3
   890 | D:2      | Noticed Sigmund
   902 | D:2      | Killed Sigmund
   902 | D:2      | Reached XP level 4. HP: 14/29 MP: 4/4
   902 | D:2      | Reached XP level 5. HP: 16/33 MP: 5/5
  1091 | D:2      | Found a faded altar of an unknown god.
  1253 | D:2      | Reached XP level 6. HP: 38/38 MP: 6/6
  1330 | D:2      | Found a deep blue altar of Sif Muna.
  1611 | D:2      | Noticed Robin
  1626 | D:2      | Killed Robin
  1921 | D:3      | Killed from afar by an orc priest

Skill      XL: |  1  2  3  4  5 |
---------------+----------------+-----
Fighting       | 4 |  4.1
Maces & Flails | 3 4 |  4.5
Shields        | 4 |  4.9
Armour         | |  3.9
Dodging        | |  0.8

Action                   |  1- 3 |  4- 6 || total
-------------------------+-------+-------++-------
Melee: Flail             |   149 |   166 ||   315
  Eat: Bread ration      |       |     1 ||     1
Armor: Scale mail        |    79 |    87 ||   166
Dodge: Dodged            |    46 |    59 ||   105
Block: Shield            |    86 |   103 ||   189
